 Dungeon Crawl Stone Soup version 0.30.1-6-gbe392663c4 (webtiles) character file.

Game seed: 16639943837804293314

261 Ivernyr the Shield-Bearer (level 6, 0/49 HPs)
             Began as a Formicid Fighter on Sept 20, 2023.
             Slain by an iguana (5 damage)
             ... on level 3 of the Dungeon.
             The game lasted 00:04:21 (2372 turns).

Ivernyr the Shield-Bearer (Formicid Fighter)        Turns: 2372, Time: 00:04:22

Health: 0/49       AC:  7    Str: 22    XL:     6   Next: 42%
Magic:  6/6        EV:  9    Int:  8    God:
Gold:   128        SH:  5    Dex: 13    Spells: 5/5 levels left

rFire   . . .        a - +0 quarterstaff
rCold   . . .        c - +0 buckler
rNeg    + . .        b - +0 scale mail
rPois   .            (helmet unavailable)
rElec   .            (no cloak)
rCorr   .            (no gloves)
SInv    +            (no boots)
Will    .....        (no amulet) Stlth
                     o - ring of positive energy
HPRegen 0.28/turn    (no ring)
MPRegen 0.10/turn

%: no passive effects
@: no status effects
A: permanent stasis, dig shafts and tunnels, antennae 3, four strong arms
a: Dig, Shaft Self


You were on level 3 of the Dungeon.
You visited 1 branch of the dungeon, and saw 4 of its levels.

You collected 128 gold pieces.

Inventory:

Hand Weapons
 a - a +0 quarterstaff (weapon)
Armour
 b - a +0 scale mail (worn)
 c - a +0 buckler (worn)
Jewellery
 o - a ring of positive energy (left hand)
Scrolls
 f - 3 scrolls of identify {unknown}
 g - 2 scrolls of noise {unknown}
 i - 5 scrolls of teleportation {unknown}
 j - a scroll of enchant armour {unknown}
 k - a scroll of brand weapon {unknown}
 l - a scroll of silence {unknown}
 m - a scroll of magic mapping {unknown}
 n - a scroll of amnesia {unknown}
 r - a scroll of immolation {unknown}
Potions
 d - a potion of might
 e - 2 potions of magic {unknown}
 h - 2 potions of mutation {unknown}
 p - 2 potions of heal wounds {unknown}
 q - a potion of curing {unknown}


   Skills:
 + Level 4.3 Fighting
 * Level 4.2 Staves
 + Level 4.3 Armour
 + Level 5.3 Shields


You had 5 spell levels left.
You didn't know any spells.
Your spell library contained the following spells:

 Spells                   Type           Power      Damage    Failure   Level
 Beastly Appendage        Tmut           0%         N/A       78%         1
 Ensorcelled Hibernation  Hex/Ice        0%         N/A       89%         2
 Passwall                 Tmut/Erth      0%         N/A       89%         2
 Wereblood                Tmut           0%         N/A       89%         2
 Spider Form              Tmut/Pois      0%         N/A       98%         3
 Swiftness                Air            Unusable   N/A       N/A         3

Dungeon Overview and Level Annotations

Branches:
Dungeon (4/15)
 Temple: D:4-7

Altars:

Shops:
D:1 =

Annotations:
D:4 Blork the orc, Ijyb, Sigmund


Innate Abilities, Weirdness & Mutations

You cannot be hasted, slowed, berserked, paralysed or teleported.
You can dig through walls and to a lower floor.
You have a pair of large antennae on your head. (SInv)
Your four strong arms can wield two-handed weapons with a shield.


Message History

The iguana is heavily wounded.
The iguana bites you but does no damage.
The grasping roots constrict you.
The grasping roots release their grip on you.
You hit the iguana but do no damage.
The iguana is heavily wounded.
The iguana bites you!
Sigmund the Dreaded comes into view.
He is wielding a +0 scythe and wearing a +1 robe of the Archmagi.
Blork the orc comes into view.
He is wielding a +0 short sword of venom and carrying a wand of polymorph (6).
The iguana attacks as you move away! The iguana bites you.
You block Ijyb's attack. The iguana attacks as you move away!
You block the iguana's attack. Ijyb attacks as you move away!
Ijyb hits you with a +0 dagger. Sigmund gestures at you while chanting.
The puff of flame hits you. Ijyb attacks as you move away!
Ijyb hits you but does no damage. The iguana attacks as you move away!
The iguana bites you!
* * * LOW HITPOINT WARNING * * *
Ijyb zaps a wand.
The roots erupt in riotous growth!
The grasping roots grab you!
The iguana is unaffected.
The grasping roots constrict you.
* * * LOW HITPOINT WARNING * * *
You escape the roots grasp.
Sigmund looks at you with fury. Sigmund gestures at you while chanting.
You resist with some effort.
Blork the orc casts a spell.
Blork the orc seems to speed up.
There is a stone staircase leading up here.
The iguana bites you but does no damage.
You climb upwards.
There is a stone staircase leading down here.
You hit the iguana but do no damage.
The iguana is heavily wounded.
The iguana bites you.
* * * LOW HITPOINT WARNING * * *
You hit the iguana but do no damage.
The iguana is heavily wounded.
The iguana bites you.
You die...

###.#####.########....## ########
<......................###......#
###.##....#.######............#.#
# #.##....#.#######.##.###.##.#.#
###.##...............#..#.......#
....##...##.#####..#.............
####..).............##...........
####..#..##.#####...##...####.#..
...............l@...##...###.....
####.###.##.###..................
.# #..............#.#......#.....
.# ###........##..#.##.###.#.#...
.###########.###.........<.....#.
.............#...................
###########.####.##............##
...#.............................
#.##.#####.#####....##.#####...##


You could see an iguana.

Vanquished Creatures
  2 hounds
  Terence (D:3)
  Natasha (twice) (D:2)
  An orc wizard (D:3)
  4 adders
  2 dart slugs (D:3)
  8 orcs (D:3)
  4 ball pythons
  5 endoplasms
  2 giant cockroaches
  3 goblins
  3 hobgoblins (D:1)
  5 kobolds
  2 quokkas
  9 bats
  2 frilled lizards
  5 rats
60 creatures vanquished.

Notes
Turn   | Place    | Note
-------+----------+-------------------------------------------
     0 | D:1      | Ivernyr the Formicid Fighter began the quest for the Orb.
     0 | D:1      | Reached XP level 1. HP: 18/18 MP: 1/1
   105 | D:1      | Reached XP level 2. HP: 24/24 MP: 2/2
   341 | D:1      | Reached XP level 3. HP: 29/29 MP: 3/3
   370 | D:1      | Found Cywki's Jewellery Boutique.
  1255 | D:2      | Noticed Natasha
  1260 | D:2      | Killed Natasha
  1261 | D:2      | Reached XP level 4. HP: 29/37 MP: 4/4
  1384 | D:3      | Reached XP level 5. HP: 41/42 MP: 5/5
  1562 | D:3      | Noticed Terence
  1577 | D:3      | Killed Terence
  1814 | D:3      | Reached skill level 5 in Shields
  1926 | D:3      | Reached XP level 6. HP: 30/48 MP: 6/6
  2022 | D:3      | Found a faded altar of an unknown god.
  2245 | D:2      | Noticed Natasha
  2251 | D:2      | Killed Natasha
  2354 | D:4      | Noticed Ijyb
  2360 | D:4      | Noticed Sigmund
  2360 | D:4      | Noticed Blork the orc
  2372 | D:3      | Slain by an iguana

Illustrated notes

Levels and vault maps discovered:
D:1:      dpeg_arrival_tiny_c, layout_basic, serial_shops,
          nicolae_shop_window_shopping, minmay_misc_feat_ornament
D:2:      layout_basic, uniq_natasha
D:3:      layout_basic, hellmonk_ecumenical_altar_leap_of_faith, uniq_terence
D:4:      layout_rooms, mainiacjoe_overflow_cross_hatched, jmf_multi_god_temple,
          hangedman_glass_teeth, uniq_sigmund, uniq_ijyb, uniq_pikel,
          uniq_blork_the_orc

Skill      XL: |  1  2  3  4  5  6 |
---------------+-------------------+-----
Staves         | 3 4 |  4.2
Fighting       | 4 |  4.3
Armour         | 4 |  4.3
Shields        | 5 |  5.3

Action                     |  1- 3 |  4- 6 || total
---------------------------+-------+-------++-------
  Melee: Quarterstaff      |    76 |   124 ||   200
 Armour: Scale mail        |    39 |    53 ||    92
  Dodge: Dodged            |    37 |    56 ||    93
  Block: Buckler           |    22 |    36 ||    58
